 Dungeon Crawl Stone Soup version 0.29-a0-289-g2178c42546 (console) character file.

Game seed: 6304495102936180918

19 Ignak the Grave Robber (level 2, -4/20 HPs)
             Began as a Gnoll Necromancer on Mar 17, 2022.
             Slain by Blork the orc
             ... wielding a +0 battleaxe
              (13 damage)
             ... on level 4 of the Dungeon.
             The game lasted 00:02:24 (1183 turns).

Ignak the Grave Robber (Gnoll Necromancer)          Turns: 1183, Time: 00:02:26

Health: -4/20      AC:  3    Str:  7    XL:     2   Next: 75%
Magic:  6/7        EV: 12    Int: 14    God:
Gold:   51         SH:  0    Dex: 12    Spells: 9/10 levels left

rFire   . . .      SeeInvis .   g - +0 short sword
rCold   . . .      Faith    .   (no shield)
rNeg    . . .      Spirit   .   d - +0 leather armour
rPois   .          Reflect  .   (no helmet)
rElec   .          Harm     .   (no cloak)
rCorr   .          Rampage  .   (no gloves)
Will    .....                   (no boots)
Stlth   ++........              (no amulet)
HPRegen 0.06/turn               (no ring)
MPRegen 0.10/turn               (no ring)

@: no status effects
A: fangs 1, strong nose, distributed training
a: no special abilities


You were on level 4 of the Dungeon.
You visited 1 branch of the dungeon, and saw 3 of its levels.

You collected 51 gold pieces.

Inventory:

Hand Weapons
 g - a +0 short sword (weapon)
Missiles
 a - a throwing net
 f - 2 atropa-tipped darts (quivered)
Armour
 d - a +0 leather armour (worn)
Scrolls
 c - a scroll of magic mapping {unknown}
Potions
 b - a potion of magic
 e - 2 potions of haste {unknown}


   Skills:
 + Level 0.5 Fighting
 + Level 0.5 Short Blades
 + Level 0.5 Long Blades
 + Level 0.5 Axes
 + Level 0.5 Maces & Flails
 + Level 0.5 Polearms
 + Level 0.5 Staves
 + Level 0.5 Slings
 + Level 0.5 Bows
 + Level 0.5 Crossbows
 + Level 0.5 Throwing
 + Level 0.5 Armour
 + Level 4.5 Dodging
 + Level 4.1 Stealth
 + Level 0.5 Shields
 + Level 0.5 Unarmed Combat
 + Level 4.9 Spellcasting
 + Level 0.3 Conjurations
 + Level 0.3 Hexes
 + Level 0.3 Summonings
 + Level 7.0 Necromancy
 + Level 0.3 Translocations
 + Level 0.3 Transmutations
 + Level 0.3 Fire Magic
 + Level 0.3 Ice Magic
 + Level 0.3 Air Magic
 + Level 0.3 Earth Magic
 + Level 0.3 Poison Magic
 + Level 0.6 Invocations
 + Level 0.5 Evocations


You had 9 spell levels left.
You knew the following spells:

 Your Spells              Type           Power      Damage    Failure   Level
a - Pain                  Necr           92%        1d8       1%          1

Your spell library contained the following spells:

 Spells                   Type           Power      Damage    Failure   Level
 Animate Skeleton         Necr           46%        N/A       1%          1
 Vampiric Draining        Necr           23%        2d7       4%          3
 Animate Dead             Necr           11%        N/A       14%         4
 Agony                    Necr           23%        N/A       36%         5


Dungeon Overview and Level Annotations

Branches:
Dungeon (2/15)

Altars:

Annotations:
D:4 Blork the orc


Innate Abilities, Weirdness & Mutations

You have very sharp teeth.
Your uncanny sense of smell can sniff out nearby items.
Your experience applies equally to all skills.


Message History

Confirm with . or Enter, or press ? or * to list all spells.
Aiming: Pain (safe; 1% risk of failure)
Press: ? - help, Shift-Dir - straight line, f - endoplasm
Aim: an endoplasm (severely wounded, chance to affect: 91%)
The endoplasm writhes in agony.
You kill the endoplasm!
You open the door.
Found 14 stones.
There is an open door here.
You see here 14 stones.
You open the door.
You start resting.
HP restored.
There is an open door here.
Found a stone staircase leading up.
Blork the orc comes into view.
He is wielding a +0 battleaxe and carrying a wand of flame (14).
There is a stone staircase leading up here.
The helpless Blork the orc fails to defend himself.
You puncture Blork the orc!
You bite Blork the orc, but do no damage.
Blork the orc is moderately wounded.
Blork the orc barely misses you.
You hit Blork the orc.
You bite Blork the orc, but do no damage.
Blork the orc is moderately wounded.
Blork the orc hits you with a +0 battleaxe!
Ouch! That really hurt!
Casting: Pain (safe; 1% risk of failure)
Confirm with . or Enter, or press ? or * to list all spells.
You don't know that spell.
Unknown command.
Casting: Pain (safe; 1% risk of failure)
Confirm with . or Enter, or press ? or * to list all spells.
Aiming: Pain (safe; 1% risk of failure)
Press: ? - help, Shift-Dir - straight line, f - Blork the orc
Aim: Blork the orc, wielding a +0 battleaxe, wearing a +0 robe and carrying a wand of flame (14) (moderately wounded, chance to affect: 81%) Blork the orc writhes in agony!
Blork the orc hits you with a +0 battleaxe!
Ouch! That really hurt!
You die...

.............. #
................#
.........####.#.#+## .
#'#................# ..
#.#..########.#....# ...
#.#..########.#....#....
#.#.............#.......
..#.####.#..............
.(#.###.....<...@.......
..'......###.....o.##...
..#..................#
..###.........#......#
..# #.........#......#
..# #......##.#........∆
..# #......##.#+###.....
..# .....####.. .....
..# ######


You could see Blork the orc.

Vanquished Creatures
  A dart slug (D:1)
  A ball python (D:1)
  2 endoplasms
  A giant cockroach (D:1)
  A goblin (D:1)
  A hobgoblin (D:1)
  2 kobolds (D:1)
  3 bats (D:1)
  A frilled lizard (D:1)
  2 rats (D:1)
15 creatures vanquished.

Notes
Turn   | Place    | Note
-------+----------+-------------------------------------------
     0 | D:1      | Ignak the Gnoll Necromancer began the quest for the Orb.
     0 | D:1      | Reached XP level 1. HP: 13/13 MP: 6/6
   172 | D:1      | Reached XP level 2. HP: 10/19 MP: 1/7
  1065 | D:2      | You fall into a shaft and drop 2 floors!
  1174 | D:4      | Noticed Blork the orc
  1183 | D:4      | Slain by Blork the orc

Illustrated notes

Levels and vault maps discovered:
D:1:      roderic_chinese_lattice_arrival, layout_basic,
          minmay_misc_feat_hallway
D:2:      layout_rooms, serial_shops, nicolae_lakefront_shop, basic_altar,
          minmay_tetromino_l4
D:4:      layout_basic, serial_shops, shop, chequers_serial_rivers_small_3,
          uniq_blork_the_orc

Action                   || total
-------------------------++-------
Melee: Unarmed           ||     1
       Short sword       ||    10
       Club              ||     2
       Bite              ||     2
 Cast: Pain              ||    20
 Stab: Sleeping          ||     3
Armor: Robe              ||     2
       Leather armour    ||     3
Dodge: Dodged            ||    17

Table legend: (Time is in decaauts)
 A = Elapsed time spent in this place.
 B = Non-inter-level travel time spent in this place.
 C = Inter-level travel time spent in this place.
 D = Time resting spent in this place.
 E = Time spent auto-exploring this place.
 F = Levels seen in this place.
 G = Mean time per level.
                   A        B        C        D        E       F      G
               +--------+--------+--------+--------+--------+-----+--------+
         Total |   1182 |   1146 |     36 |    155 |    738 |   3 |  394.0 |
       Dungeon |   1182 |   1146 |     36 |    155 |    738 |   3 |  394.0 |
               +--------+--------+--------+--------+--------+-----+--------+

Top non-repeatable levels by time:
     D:1: 1065 daAuts
     D:4: 117 daAuts
